 Seeded DCSS version 0.24.0-1-gfbc8707 (webtiles) character file.

Game seed: 123456, levelgen mode: deterministic

451 Ayyar the Skirmisher (level 7, -9/44 HPs)
             Began as a Gargoyle Fighter on Jan 12, 2020.
             Mangled by Menkaure (11 damage)
             ... on level 4 of the Dungeon.
             The game lasted 00:12:07 (3371 turns).

Ayyar the Skirmisher (Gargoyle Fighter)             Turns: 3371, Time: 00:12:08

Health: -9/44      AC: 14    Str: 22    XL:     7   Next: 4%
Magic:  7/7        EV:  7    Int:  8    God:
Gold:   203        SH: 10    Dex:  9    Spells: 6/6 levels left

rFire    . . .     SeeInvis .   a - +0 flail
rCold    . . .     Gourm    .   c - +0 shield
rNeg     + . .     Faith    .   b - +0 scale mail
rPois    ∞         Spirit   .   (no helmet)
rElec    +         Reflect  .   (no cloak)
rCorr    .         Harm     .   (no gloves)
MR       +....                  (no boots)
Stlth    ..........             (no amulet)
HPRegen  0.14/turn              (no ring)
MPRegen  0.10/turn              (no ring)

@: no status effects
A: iridescent scales 1, magic resistance 1, negative energy resistance 1,
electricity resistance, unbreathing, petrification resistance, rot immunity,
MP-powered wands, AC +4
a: no special abilities


You were on level 4 of the Dungeon.
You were not hungry.

You visited 1 branch of the dungeon, and saw 4 of its levels.

You collected 203 gold pieces.

Inventory:

Hand Weapons
 a - a +0 flail (weapon)
Missiles
 s - a throwing net (quivered)
Armour
 b - a +0 scale mail (worn)
 c - a +0 shield (worn)
 w - a scarf of cloud immunity
Jewellery
 o - a cursed amulet of inaccuracy {unknown}
 q - an uncursed amulet of rage
Scrolls
 d - a scroll of amnesia {unknown}
 e - a scroll of magic mapping {unknown}
 h - a scroll of identify {unknown}
 i - a scroll of fog {unknown}
 l - a scroll of remove curse {unknown}
 m - 2 scrolls of noise {unknown}
 n - 3 scrolls of teleportation {unknown}
 u - 2 scrolls of fear {unknown}
Potions
 g - a potion of haste {unknown}
 j - a potion of invisibility {unknown}
 k - a potion of heal wounds {unknown}
 p - a potion of flight {unknown}
 r - a potion of brilliance {unknown}
 t - a potion of mutation
 v - a potion of resistance {unknown}
 z - a potion of agility {unknown}
Comestibles
 f - 4 rations
 x - 7 chunks of flesh


   Skills:
 + Level 5.1 Fighting
 + Level 3.9 Maces & Flails
 + Level 5.1 Armour
 + Level 5.0 Shields


You had 6 spell levels left.
You didn't know any spells.
Your spell library contained the following spells:

 Spells                   Type           Power        Failure   Level  Hunger
 Confusing Touch          Hex            #.....       98%         1    ##.....
 Confuse                  Hex            #.......     100%        3    ####...
 Gell's Gravitas          Tloc           #.........   100%        3    ####...
 Petrify                  Tmut/Erth      #.......     100%        4    #####..
 Metabolic Englaciation   Hex/Ice        #.........   100%        5    ######.
 Yara's Violent Unravell  Hex/Tmut       #.........   100%        5    ######.


Dungeon Overview and Level Annotations

Branches:
Dungeon (4/15)
 Temple: D:4-7

Altars:
Elyvilon
Sif Muna
The Shining One

Annotations:
D:4 Menkaure


Innate Abilities, Weirdness & Mutations

You are resistant to torment.
Your stone body is resilient. (AC +4)
You are immune to poison.
You resist negative energy. (rN+)
You are resistant to electric shocks. (rElec)
You can survive without breathing.
You are immune to petrification.
You are immune to rotting.
You are partially covered in iridescent scales. (AC +2)
You are resistant to hostile enchantments. (MR+)
You expend magic power (3 MP) to strengthen your wands.


Message History

The worker ant barely misses you.
The orc moves out of view.
The orc shouts!
You hit the worker ant.
You kill the worker ant!
An orc comes into view. It is wielding a +0 short sword.
Menkaure calls on the powers of darkness!
Your body is wracked with pain!
The orc convulses!
The gnoll convulses!
The orc convulses!
The orc shouts!
You hit Menkaure but do no damage. Menkaure hits you!
* * * LOW HITPOINT WARNING * * *
The orc hits you but does no damage.
It was a potion of mutation.
You feel extremely strange.
Iridescent scales grow over part of your body.
You feel your magical essence link to the dungeon's wands.
You feel resistant to hostile enchantments.
Menkaure hits you but does no damage.
A worker ant comes into view.
The gnoll hits you but does no damage. Menkaure hits you!
You die...

.....####### ...#.......#
.#.........# ..oo.......#
..#........###### ##
#...o....#......#######.
.......#.....##.##......
#o.......÷....#####
##@...#............ .l.
#.M#.$.##..........
.r....#g...###..#.#.#.. g
..a###....##...#.#.#..
...... ..................
.....s###.g..............
... ..#................
.##.##....g##...........
#.##!..<#...##...........


You could see Menkaure, a gnoll shaman, a worker ant, 2 gnolls and 4 orcs.

Vanquished Creatures
  Sigmund (D:3)
  A howler monkey (D:3)
  Terence (D:2)
  2 worker ants (D:4)
  8 gnolls
  4 adders
  5 worms
  2 dart slugs
  4 leopard geckos
  4 orcs
  A ball python (D:1)
  4 giant cockroaches (D:1)
  7 goblins
  5 hobgoblins
  3 jackals (D:4)
  3 bats (D:1)
  5 frilled lizards
  8 kobolds
  6 rats
74 creatures vanquished.

Notes
Turn   | Place    | Note
-------+----------+-------------------------------------------
     0 | D:1      | Ayyar the Gargoyle Fighter began the quest for the Orb.
     0 | D:1      | Reached XP level 1. HP: 14/14 MP: 1/1
    86 | D:1      | Reached XP level 2. HP: 5/19 MP: 2/2
   742 | D:1      | Reached XP level 3. HP: 23/23 MP: 3/3
  1236 | D:2      | Noticed Terence
  1260 | D:2      | Killed Terence
  1260 | D:2      | Reached XP level 4. HP: 25/29 MP: 4/4
  1934 | D:2      | Reached XP level 5. HP: 33/33 MP: 5/5
  1958 | D:2      | Found a white marble altar of Elyvilon.
  1962 | D:2      | Found a shimmering blue altar of Sif Muna.
  2205 | D:3      | Noticed Sigmund
  2258 | D:3      | Killed Sigmund
  2258 | D:3      | Reached XP level 6. HP: 8/40 MP: 6/6
  3179 | D:4      | Found a glowing golden altar of the Shining One.
  3197 | D:4      | Reached skill level 5 in Fighting
  3197 | D:4      | Reached skill level 5 in Armour
  3215 | D:4      | Noticed Menkaure
  3233 | D:3      | Reached skill level 5 in Shields
  3233 | D:3      | Reached XP level 7. HP: 35/44 MP: 7/7
  3370 | D:4      | HP: 2/44 [Menkaure (17)]
  3371 | D:4      | Gained mutation: You are partially covered in iridescent
                  | scales. (AC +2) [potion of mutation]
  3371 | D:4      | Gained mutation: You expend magic power (3 MP) to
                  | strengthen your wands. [potion of mutation]
  3371 | D:4      | Gained mutation: You are resistant to hostile enchantments.
                  | (MR+) [potion of mutation]
  3371 | D:4      | Mangled by Menkaure

Levels and vault maps discovered:
D:1:      lightli_arrival_statuegarden, layout_rooms
D:2:      layout_rooms, gammafunk_temple_overflow_pools, uniq_terence
D:3:      layout_basic, first_ration, minmay_checkerbox, uniq_sigmund
D:4:      layout_rooms, kennysheep_little_box, lemuel_round_altar, uniq_menkaure

Skill      XL: |  1  2  3  4  5  6 |
---------------+-------------------+-----
Fighting       | 4 5 |  5.1
Armour         | 4 5 |  5.1
Shields        | 4 5 |  5.0
Maces & Flails | 3 |  3.9

Action                   |  1- 3 |  4- 6 |  7- 9 || total
-------------------------+-------+-------+-------++-------
Melee: Flail             |   168 |   210 |    10 ||   388
  Use: Potion            |       |     1 |     1 ||     2
  Eat: Chunk             |     1 |     7 |     1 ||     9
Armor: Scale mail        |   124 |   125 |     7 ||   256
Dodge: Dodged            |    89 |    75 |     2 ||   166
Block: Shield            |   109 |   101 |     5 ||   215
